 Dungeon Crawl Stone Soup version 0.30-a0-782-ge64f9170bb (webtiles) character file.

Game seed: 3152566100654062336

1337 theswoord the Artisan of Death (level 8, -3/85 HPs)
             Began as a Demonspawn Gladiator on Feb 23, 2023.
             Was a Priest of Kikubaaqudgha.
             Slain by Duvessa
             ... wielding a +0 short sword
              (7 damage)
             ... on level 5 of the Dungeon.
             The game lasted 00:07:48 (5270 turns).

theswoord the Artisan of Death (DsGl)               Turns: 5270, Time: 00:07:49

Health: -3/85      AC: 24    Str: 16    XL:     8   Next: 35%
Magic:  8/8        EV:  2    Int:  9    God:    Kikubaaqudgha [***...]
Gold:   1123       SH:  0    Dex: 16    Spells: 4/7 levels left

rFire   . . .      SeeInvis .    a - +1 war axe (chaos)
rCold   . . .      Faith    .    (no shield)
rNeg    . . .      Spirit   .    (body armour currently unavailable)
rPois   +          Reflect  .    (helmet currently unavailable)
rElec   .          Harm     .    (cloak currently unavailable)
rCorr   .          Rampage  .    (gloves currently unavailable)
Will    .....      NoTele   +    (boots currently unavailable)
Stlth   +                        (no amulet)
HPRegen 0.34/turn                (no ring)
MPRegen 0.11/turn                (no ring)

@: tree-form
A: stationary, stasis, torment immunity, boosted hp, rugged brown scales 1,
powered by death 1, (spiny 1), (weakness stinger 1)
a: Renounce Religion, Unearth Wretches


You were on level 5 of the Dungeon.
You worshipped Kikubaaqudgha.
Kikubaaqudgha was most pleased with you.
You were a tree.
You visited 1 branch of the dungeon, and saw 6 of its levels.

You collected 1123 gold pieces.

Inventory:

Hand Weapons
 a - a +1 war axe of chaos (weapon)
 q - a +0 whip
Missiles
 d - 2 throwing nets (quivered)
 e - a javelin
Armour
 b - a +0 leather armour
 c - a +0 helmet (melded)
 r - a +0 scale mail (melded)
Jewellery
 j - an amulet of faith
 k - the ring "Wiylufuo" {*Slow rF+ rCorr Str+2 Int+3}
   (You found it on level 3 of the Dungeon)

   [ring of protection from fire]

   Str:       It affects your strength (+2).
   Int:       It affects your intelligence (+3).
   rF:        It protects you from fire.
   rCorr:     It protects you from acid and corrosion.
   *Slow:     It may slow you when you take damage.
Wands
 o - a wand of roots (11)
Scrolls
 m - a scroll of torment
 n - 5 scrolls of identify
 p - a scroll of immolation
Potions
 f - a potion of cancellation
 g - a potion of flight
 h - 2 potions of mutation
 i - 2 potions of lignification
 l - a potion of brilliance


   Skills:
 - Level 2.0 Fighting
 + Level 7.3 Axes
 - Level 1.7 Throwing
 - Level 2.6 Dodging
 + Level 7.5 Necromancy


You had 4 spell levels left.
You knew the following spells:

 Your Spells              Type           Power      Damage    Failure   Level
a - Ignite Poison         Fire/Tmut/Pois 0%         N/A       77%         3

Your spell library contained the following spells:

 Spells                   Type           Power      Damage    Failure   Level
 Necrotise                Necr           52%        1d6       1%          1
 Sublimation of Blood     Necr           13%        N/A       2%          2
 Animate Dead             Necr           13%        N/A       19%         4
 Dispel Undead            Necr           13%        3d9       19%         4
 Cigotuvi's Dreadful Rot  Necr/Pois/Air  8%         N/A       22%         2
 Apportation              Tloc           0%         N/A       38%         1
 Summon Small Mammal      Summ           0%         N/A       38%         1
 Anguish                  Hex/Necr       3%         N/A       65%         4
 Kindle Blastsparks       Fire/Tloc/Air  0%         2d10      77%         3
 Death Channel            Necr           6%         N/A       96%         6
 Freezing Cloud           Conj/Ice/Air   0%         6-21      100%        5
 Simulacrum               Ice/Necr       3%         N/A       100%        6


Dungeon Overview and Level Annotations

Branches:
Dungeon (6/15)             Temple (0/1) D:4

Altars:
Kikubaaqudgha

Annotations:
D:5 1 runed translucent door, Duvessa; gengaozo's ghost, novice OgCA


Innate Abilities, Weirdness & Mutations

You are a tree.
Your roots penetrate the ground, keeping you stationary.
You cannot be teleported.
You are immune to unholy pain and torment.
Your maximum health is greatly increased.
Your equipment is partially melded.
(You are partially covered in rugged brown scales. (AC +1, +3% HP))
You regenerate a little health from kills.
((You are partially covered in sharp spines.))
((You have a small tail.))


Message History

Dowan points at you and mumbles some strange words.
The puff of flame hits you.
You closely miss Dowan. Dowan is struck by your spines.
Dowan barely misses you.
You closely miss Dowan. You hit Duvessa but do no damage.
Duvessa barely misses you.
Dowan points at you and mumbles some strange words.
The puff of flame hits you! Duvessa hits you with a +0 short sword!
* * * LOW HITPOINT WARNING * * *
You slash Dowan!
You kill Dowan!
Kikubaaqudgha accepts your kill.
Duvessa screams, "No!
How DARE you!"
Duvessa goes berserk!
You hit Duvessa but do no damage. Duvessa hits you but does no damage.
Duvessa hits you but does no damage. Duvessa hits you with a +0 short sword.
* * * LOW HITPOINT WARNING * * *
You climb upwards.
Level annotation: 1 runed translucent door, gengaozo's ghost, novice OgCA
There is a stone staircase leading down here.
You slash Duvessa!
You feel better. Duvessa hits you with a +0 short sword!
* * * LOW HITPOINT WARNING * * *
Really quaff the potion of lignification? [Y]es or [N]o only, please.
Really quaff the potion of lignification?
You turn into a tree.
Your +0 helmet melds into your body.
Your +0 scale mail melds into your body.
Your roots penetrate the ground.
Duvessa hits you with a +0 short sword!
* * * LOW HITPOINT WARNING * * *
Duvessa hits you with a +0 short sword.
* * * LOW HITPOINT WARNING * * *
Okay, then.
You hit Duvessa. You burn Duvessa. Duvessa hits you with a +0 short sword.
* * * LOW HITPOINT WARNING * * *
Throw: 3 throwing nets
Aim: Duvessa, wielding a +0 short sword, wearing a +0 leather armour and quivering stones (heavily wounded, berserk, 64% to hit)
You throw a throwing net. The throwing net barely misses Duvessa.
Duvessa hits you with a +0 short sword!
You die...
Kikubaaqudgha rasps: "You have failed me!
Welcome... death!"

#.#......#.....#####.......#
#.#......####### #.#.###.#
#####.#......# #.#.# #.#
#.....#......# #.#.# #.#
#.#.###......# #...# #.# [.#.#
#......### ######..## #.# ###.#
#.......(## #......#####.## #
#.# ########.e###..#......##...
#.# ##.♣...##.####.##### #.#
##.##.##.#..#.#...# #.#
#.##.##....#.#Z#.# ###.#
#.##.......#.#.#.. ....#
#............#.###
###.###################.#.#...#
#................####...#.###
################........#.#
#..##......#


You could see Duvessa (berserk).

Vanquished Creatures
  2 ogres (D:5)
  3 black bears
  2 phantoms (D:4)
  A scorpion (D:4)
  Dowan (D:6)
  A howler monkey (D:6)
  4 hounds
  A jelly (D:5)
  A gnoll bouda (D:5)
  An orc wizard (D:5)
  4 iguanas (D:5)
  12 adders
  9 gnolls
  2 white imps
  A worm (D:3)
  3 dart slugs
  11 orcs
  8 ball pythons
  5 bats
  9 endoplasms
  4 giant cockroaches
  3 goblins (D:1)
  3 hobgoblins
  6 jackals
  6 quokkas (D:1)
  4 frilled lizards
  3 kobolds
  4 rats (D:1)
  A spectral hobgoblin (D:1)
115 creatures vanquished.

Vanquished Creatures (others)
  11 fungi (D:6)
  2 plants (D:2)
13 creatures vanquished.

Grand Total: 128 creatures vanquished

Notes
Turn   | Place    | Note
-------+----------+-------------------------------------------
     0 | D:1      | theswoord the Demonspawn Gladiator began the quest for the
                  | Orb.
     0 | D:1      | Reached XP level 1. HP: 16/16 MP: 1/1
    87 | D:1      | Gained mutation: You are partially covered in sharp spines.
                  | [demonic ancestry]
    87 | D:1      | Reached XP level 2. HP: 7/22 MP: 2/2
   271 | D:1      | Found a faded altar of an unknown god.
   280 | D:1      | Prayed at the altar of an unknown god.
   280 | D:1      | Became a worshipper of Kikubaaqudgha
   280 | D:1      | Reached * piety under Kikubaaqudgha
   280 | D:1      | Received a gift from Kikubaaqudgha
   548 | D:1      | Reached skill level 1 in Necromancy
   548 | D:1      | Gained mutation: You are partially covered in rugged brown
                  | scales. (AC +1, +3% HP) [demonic ancestry]
   548 | D:1      | Reached XP level 3. HP: 22/27 MP: 3/3
  1082 | D:2      | Reached ** piety under Kikubaaqudgha
  1090 | D:2      | Reached XP level 4. HP: 27/33 MP: 4/4
  1757 | D:3      | Identified the ring "Wiylufuo" {*Slow rF+ rCorr Str+2
                  | Int+3}
  2026 | D:3      | Learned a level 3 spell: Ignite Poison
  2456 | D:4      | Noticed a scorpion
  2464 | D:4      | Killed a scorpion
  2465 | D:4      | Reached XP level 5. HP: 21/39 MP: 5/5
  2574 | D:4      | Noticed a phantom
  2588 | D:4      | Killed a phantom
  2589 | D:4      | Reached skill level 5 in Axes
  2589 | D:4      | Gained mutation: You regenerate a little health from kills.
                  | [demonic ancestry]
  2589 | D:4      | Reached XP level 6. HP: 13/45 MP: 6/6
  2825 | D:4      | Found a staircase to the Ecumenical Temple.
  2937 | D:4      | Reached skill level 5 in Necromancy
  3202 | D:5      | Entered Level 5 of the Dungeon
  3207 | D:5      | Gained mutation: You have a small tail. [demonic ancestry]
  3207 | D:5      | Reached XP level 7. HP: 51/51 MP: 7/7
  3207 | D:5      | Found a runed translucent door.
  3234 | D:5      | Noticed gengaozo's ghost (novice OgCA)
  3312 | D:5      | Reached *** piety under Kikubaaqudgha
  3312 | D:5      | Received a gift from Kikubaaqudgha
  4485 | D:5      | Reached XP level 8. HP: 15/57 MP: 8/8
  5014 | D:6      | Identified a scroll of acquirement
  5014 | D:6      | Acquired 796 gold pieces
  5108 | D:6      | Noticed Duvessa
  5110 | D:6      | Noticed Dowan
  5264 | D:6      | Killed Dowan
  5269 | D:5      | HP: 4/85 [Duvessa/+0 short sword (5)]
  5270 | D:5      | Slain by Duvessa

Skill      XL: |  1  2  3  4  5  6  7  8 |
---------------+-------------------------+-----
Axes           | 3 4 5 6 7 |  7.3
Necromancy     | 1 2 3 4 5 6 7 |  7.5
Fighting       | |  2.0
Throwing       | |  1.7
Dodging        | |  2.6

Action                     |  1- 3 |  4- 6 |  7- 9 || total
---------------------------+-------+-------+-------++-------
  Melee: War axe           |    80 |   100 |    90 ||   270
         Punch             |       |     2 |     1 ||     3
         Tailslap          |       |       |    17 ||    17
  Throw: Throwing net      |       |       |     3 ||     3
    Use: Scroll            |     5 |     9 |     2 ||    16
         Potion            |       |     1 |     4 ||     5
   Stab: Sleeping          |     1 |       |     1 ||     2
         Paralysed         |       |       |     3 ||     3
 Armour: Leather armour    |    36 |    20 |    25 ||    81
         Scale mail        |       |       |     6 ||     6
  Dodge: Dodged            |    57 |    67 |    60 ||   184

Levels and vault maps discovered:
D:1:      dpeg_arrival_tiny_k, layout_loops_ring,
          dreamdust_ecumenical_altar_drowned_temple
D:2:      layout_basic, serial_forest, infiniplex_forest_clump_C,
          infiniplex_forest_corner_1, infiniplex_forest_fountain,
          infiniplex_forest_straight_2, infiniplex_forest_lined_room_3,
          infiniplex_forest_lined_corner
D:3:      layout_basic
D:4:      layout_rooms, minmay_temple_entry_sparse_star,
          hangedman_decor_diamond_cutter
D:5:      layout_basic, ebering_ghost_sewer_d, dreamdust_princess_bridge
D:6:      layout_rooms, serial_aquarium, aquarium_bridge_straight
          [aquarium_subvault_bridge, aquarium_subvault_wall,
          aquarium_subvault_bridge, aquarium_subvault_wall],
          aquarium_bridge_square [aquarium_subvault_balcony,
          aquarium_subvault_bridge, aquarium_subvault_wall,
          aquarium_subvault_wall], aquarium_window_corridor_1,
          aquarium_window_fake, aquarium_window_1, aquarium_view_2d,
          aquarium_view_2b, aquarium_balcony_double_4, aquarium_pool_corner,
          uniq_duvessa
